 Dungeon Crawl Stone Soup version 0.20-a0-551-gc8f91ca (webtiles) character file.

157 Lahna the Skirmisher (level 5, -8/63 HPs)
             Began as a Minotaur Chaos Knight on Feb 3, 2017.
             Mangled by an orc
             ... wielding a +0 flail
              (9 damage)
             ... on level 3 of the Dungeon.
             The game lasted 00:03:51 (2483 turns).

Lahna the Skirmisher (Minotaur Chaos Knight)        Turns: 2483, Time: 00:03:51

Health: -8/63      AC:  7    Str: 25      XL:     5   Next: 15%
Magic:  0/4        EV: 12    Int:  9 (11) God:    Xom [*.....]
Gold:   171        SH:  3    Dex:  9      Spells: 4/4 levels left

rFire    . . .     SeeInvis .   a - +0 mace (chaos)
rCold    + . .     Gourm    .   b - +2 leather armour
rNeg     . . .     Faith    .   j - +0 buckler
rPois    .         Spirit   +   (helmet restricted)
rElec    .         Reflect  .   (no cloak)
rCorr    .         Harm     .   (no gloves)
MR       +....                  (no boots)
Stlth    ..........             e - amulet of guardian spirit
Regen    0.2/turn               (no ring)
                                (no ring)

@: berserking (expiring), very quick
A: retaliatory headbutt, horns 2, thin metallic scales 1, clever 1, cold
resistance 1, deterioration 1, frail 1, magic resistance 1, strong 1, evolution
1
a: Renounce Religion


You were on level 3 of the Dungeon.
You worshipped Xom.
You were a special plaything of Xom.
You were not hungry.

You visited 1 branch of the dungeon, and saw 3 of its levels.

You collected 171 gold pieces.

Inventory:

Hand Weapons
 a - a +0 mace of chaos (weapon)
Armour
 b - a +2 leather armour (worn)
 j - a +0 buckler (worn)
 l - a +0 chain mail
Jewellery
 e - an amulet of guardian spirit (around neck)
Wands
 d - a wand of random effects (21/48)
Scrolls
 h - a scroll of magic mapping
 k - a scroll of random uselessness {unknown}
 m - a scroll of remove curse
Potions
 n - a potion of resistance {unknown}
 o - a potion of haste {unknown}
 p - a potion of curing {unknown}
Comestibles
 c - 2 bread rations
 f - a meat ration
 g - 9 chunks of flesh


   Skills:
 + Level 4.7 Fighting
 + Level 4.4 Maces & Flails
 + Level 3.7 Armour
 + Level 2.6 Dodging
 + Level 1.7 Shields


You had 4 spell levels left.
You didn't know any spells.

Dungeon Overview and Level Annotations

Branches:
Dungeon (3/15)

Altars:
Hepliaklqana
Nemelex Xobeh
Qazlal
Trog
Uskayaw
Xom


Innate Abilities, Weirdness & Mutations

You reflexively headbutt those who attack you in melee.
You have a pair of horns on your head.
You are partially covered in thin metallic scales. (AC +2)
Your mind is acute. (Int +2)
Your flesh is cold resistant. (rC+)
Your body sometimes deteriorates upon taking damage.
You are frail. (-10% HP)
You are resistant to hostile enchantments. (MR+)
Your muscles are strong. (Str +2)
You evolve.


Message History

You hit kolansburg's ghost.
There is a sudden explosion of sparks!
You headbutt kolansburg's ghost.
You destroy kolansburg's ghost!
You feel your intelligence returning.
You have reached level 5!
The hobgoblin hits you.
* * * LOW HITPOINT WARNING * * *
The dart slug bites you but does no damage.
You hit the hobgoblin. You freeze the hobgoblin. You headbutt the hobgoblin.
You kill the hobgoblin!
Some of the chunks of flesh in your inventory have rotted away. 2 orcs come into view.
An orc is wielding a hand axe of flaming.
Unknown command.
The orc shouts! x2
You thump the dart slug!
The dart slug twitches.
You headbutt the dart slug.
You kill the dart slug!
You barely miss the orc.
The orc moves out of view.
The orc hits you with a flail!
You die...

.###... #...).# #...
.......###.....#######<..
o......+.......'.........
.......###.....###.....##
...o...###.....###.....+.
......####....##.....#.
#...# #.##.##.....#.
#.o.####........#+##.
###@†.....#.....# #.
#.##..#.####..# ##.
########.##..<..[....#.###
...............)..........
#......#....#.......#.###
#......#.#######....#
#......#+## ....#.# #.
+.........# #.....#... #.
#.........# #.....# ####.


You could see 3 orcs.

Vanquished Creatures
  The ghost of kolansburg the Covered, a weakling MiFi (D:3)
  An orc priest (D:3)
  2 adders
  2 worms (D:2)
  3 dart slugs
  A leopard gecko (D:1)
  3 orcs (D:3)
  4 bats
  A giant cockroach (D:2)
  A goblin (D:1)
  6 hobgoblins
  9 jackals
  6 kobolds
  A quokka (D:3)
  A ball python (D:1)
  3 frilled lizards
  3 rats
  A plant (D:1)
49 creatures vanquished.

Notes
Turn   | Place    | Note
-------+----------+-------------------------------------------
     0 | D:1      | Lahna the Minotaur Chaos Knight began the quest for the Orb.
     0 | D:1      | Reached XP level 1. HP: 19/19 MP: 0/0
   142 | D:1      | Reached XP level 2. HP: 24/27 MP: 1/1
   571 | D:1      | XOM: divination: detect creatures
  1028 | D:2      | XOM: cleaving
  1030 | D:2      | Reached XP level 3. HP: 15/33 MP: 0/2
  1043 | D:2      | Gained mutation: Your body sometimes deteriorates upon taking damage. [potion of mutation]
  1043 | D:2      | Gained mutation: Your flesh is cold resistant. (rC+) [potion of mutation]
  1043 | D:2      | Gained mutation: Your muscles are strong. (Str +2) [potion of mutation]
  1408 | D:2      | Found a hide-covered altar of Uskayaw.
  1409 | D:2      | Found a hazy altar of Hepliaklqana.
  1410 | D:2      | Found a sparkling altar of Nemelex Xobeh.
  1540 | D:2      | XOM: give mutation
  1540 | D:2      | Gained mutation: You are frail. (-10% HP) [Xom's mischief]
  1621 | D:2      | XOM: give mutations
  1621 | D:2      | Gained mutation: You evolve. [Xom's grace]
  1621 | D:2      | Gained mutation: You are partially covered in thin metallic scales. (AC +2) [Xom's grace]
  1621 | D:2      | Gained mutation: Your mind is acute. (Int +2) [Xom's grace]
  1621 | D:2      | Gained mutation: You are resistant to hostile enchantments. (MR+) [Xom's grace]
  1786 | D:2      | Found a stormy altar of Qazlal.
  1787 | D:2      | Found a shimmering altar of Xom.
  2164 | D:2      | XOM: mild Ice miscast
  2256 | D:3      | Reached XP level 4. HP: 36/36 MP: 3/3
  2362 | D:3      | Found a bloodstained altar of Trog.
  2428 | D:3      | Reached skill level 1 in Shields
  2467 | D:3      | Noticed kolansburg's ghost (weakling MiFi)
  2476 | D:3      | XOM: swap monsters
  2480 | D:3      | Killed kolansburg's ghost
  2480 | D:3      | Reached XP level 5. HP: 4/42 MP: 0/4
  2480 | D:3      | HP: 1/63 [hobgoblin (3)]
  2483 | D:3      | Mangled by an orc

Vault maps used:
D:1:      scummos_arrival_forest, minmay_shallow_snake_nest
D:2:      grunt_qazlal_sundering, xom_butterflies,
          gammafunk_temple_overflow_forgotten, kennysheep_path_1
D:3:      bloody_trog, first_bread

Skill      XL: |  1  2  3  4 |
---------------+-------------+-----
Fighting       | 4 |  4.7
Armour         | 3 |  3.7
Dodging        | 2 |  2.6
Maces & Flails | 4 |  4.4
Shields        | 1 |  1.7

Action                   |  1- 3 |  4- 6 || total
-------------------------+-------+-------++-------
Melee: Mace              |   101 |    29 ||   130
       Headbutt          |    16 |     5 ||    21
  Use: Scroll            |     6 |       ||     6
       Potion            |     3 |     1 ||     4
  Eat: Chunk             |     4 |     1 ||     5
Armor: Leather armour    |    33 |    13 ||    46
Dodge: Dodged            |    66 |    18 ||    84
Block: Buckler           |     2 |     5 ||     7
